 Dungeon Crawl Stone Soup version 0.29.1-2-gbd0b4ee654 (webtiles) character file.

Game seed: 16599714734918943696

11 H0rd4k the Charlatan (level 2, -1/19 HPs)
             Began as an Octopode Artificer on Nov 30, 2022.
             Slain by a giant cockroach (2 damage)
             ... on level 1 of the Dungeon.
             The game lasted 00:00:21 (378 turns).

H0rd4k the Charlatan (Octopode Artificer)            Turns: 378, Time: 00:00:21

Health: -1/19      AC:  1    Str: 11    XL:     2   Next: 25%
Magic:  3/3        EV: 13    Int: 13    God:
Gold:   48         SH:  0    Dex: 12    Spells: 2/2 levels left

rFire   . . .      SeeInvis .   (no weapon)
rCold   . . .      Faith    .   (no shield)
rNeg    . . .      Spirit   .   (helmet restricted)
rPois   .          Reflect  .   (no amulet)
rElec   .          Harm     .   (no ring)
rCorr   .          Rampage  .   (no ring)
Will    .....                   (no ring)
Stlth   +++.......              (no ring)
HPRegen 0.06/turn               (no ring)
MPRegen 0.08/turn               (no ring)
                                (no ring)
                                (no ring)

@: no status effects
A: almost no armour, amphibious, 8 rings, camouflage 1, gelatinous body 1,
(nimble swimmer 1), tentacles
a: no special abilities


You were on level 1 of the Dungeon.
You visited 1 branch of the dungeon, and saw 1 of its levels.

You collected 48 gold pieces.

Inventory:

Wands
 b - a wand of flame (15) (quivered)
 c - a wand of charming (15)
 d - a wand of iceblast (5)
Scrolls
 a - a scroll of identify {unknown}
 e - a scroll of poison {unknown}
Potions
 f - a potion of attraction {unknown}


   Skills:
 * Level 1.7 Fighting
 - Level 2.3 Dodging
 - Level 1.3 Stealth
 + Level 0.1 Unarmed Combat
 * Level 0.9 Spellcasting
 - Level 3.2 Evocations


You had 2 spell levels left.
You didn't know any spells.
Your spell library was empty.

Dungeon Overview and Level Annotations

Branches:
Dungeon (1/15)

Altars:


Innate Abilities, Weirdness & Mutations

You cannot wear most types of armour.
You are amphibious.
You can wear up to eight rings at the same time.
Your skin changes colour to match your surroundings (Stealth+).
Your rubbery body absorbs attacks. (AC +1, EV +1)
((You are camouflaged when in or above water. (Stealth+)))
You have tentacles for arms and can constrict up to eight enemies at once.


Message History

You now have 34 gold pieces (gained 13).
Key pressed, stopping explore.
No target in view!
You now have 48 gold pieces (gained 14).
f - a pink potion No target in view!
A goblin comes into view. It is wielding a +0 club.
The goblin shouts!
The teleport trap disappears.
The goblin disappears!
The goblin moves out of view.
No target in view!
A hobgoblin comes into view.
A hobgoblin is nearby!
A frilled lizard, a giant cockroach and a hobgoblin come into view.
Found a stone staircase leading down.
The hobgoblin shouts!
A giant cockroach comes into view.
There are monsters nearby!
The hobgoblin barely misses you. The hobgoblin misses you.
There are monsters nearby!
You tentacle-slap the hobgoblin but do no damage.
Your grab misses the hobgoblin. The hobgoblin hits you. x2
The frilled lizard barely misses you.
There are monsters nearby!
You tentacle-slap the giant cockroach but do no damage.
You grab the giant cockroach.
You squeeze the giant cockroach, but do no damage.
You constrict the giant cockroach, but do no damage.
The giant cockroach misses you. The hobgoblin hits you.
The frilled lizard closely misses you. The hobgoblin hits you.
* * * LOW HITPOINT WARNING * * *
You release your grip on the giant cockroach.
The frilled lizard attacks as you move away!
The frilled lizard misses you. The giant cockroach bites you.
* * * LOW HITPOINT WARNING * * *
The hobgoblin attacks as you move away! The hobgoblin barely misses you.
The hobgoblin attacks as you move away! The hobgoblin hits you.
* * * LOW HITPOINT WARNING * * *
The giant cockroach bites you.
You die...

#.###......###....##.#
#.###....#.# #.......#
........##.# #...P...#
........##.###..♣♣...#
#..................###
#####..######..#..##
#..# #....#.## #..#
##.#.##.# #
#..###....##@# ♣♣
#..##.....lBg# .♣
...##......Bg# .♣
#.#..........# .♣♣
#......>.....# ..♣#
.........# ...♣
#.......## ...♣
#.......# ...#
##....###


You could see 2 giant cockroaches, 2 hobgoblins and a frilled lizard.

Vanquished Creatures
  2 dart slugs (D:1)
  An endoplasm (D:1)
  2 hobgoblins (D:1)
  A bat (D:1)
  A kobold (D:1)
7 creatures vanquished.

Notes
Turn   | Place    | Note
-------+----------+-------------------------------------------
     0 | D:1      | H0rd4k the Octopode Artificer began the quest for the Orb.
     0 | D:1      | Reached XP level 1. HP: 13/13 MP: 1/1
   242 | D:1      | Reached XP level 2. HP: 16/18 MP: 2/2
   378 | D:1      | Slain by a giant cockroach

Illustrated notes

Levels and vault maps discovered:
D:1:      sevenhm_arrival_forest_fort_large_3, layout_loops_ring,
          nrook_mini_vaults, serial_park_tiny_1

Action                   || total
-------------------------++-------
Melee: Unarmed           ||    19
       Constrict         ||     8
       Tentacles         ||     6
       Club              ||     2
       Punch             ||     1
 Stab: Sleeping          ||     3
Armor: Skin              ||     1
Dodge: Dodged            ||    20
